 Dungeon Crawl Stone Soup version 0.30.1-3-gfc49f6343a (webtiles) character file.

Game seed: 8582268134131782269

374 DamienQuinn the Covered (level 7, -9/52 HPs)
             Began as a Human Fighter on July 31, 2023.
             Mangled by an iguana (33 damage)
             ... on level 5 of the Dungeon.
             The game lasted 00:18:01 (4679 turns).

DamienQuinn the Covered (Human Fighter)             Turns: 4679, Time: 00:18:02

Health: -9/52      AC: 16    Str: 19    XL:     7   Next: 3%
Magic:  7/7        EV:  2    Int:  8    God:
Gold:   248        SH:  0    Dex: 12    Spells: 6/6 levels left

rFire   . . .        x - +2 spear (freeze)
rCold   . . .        c - +0 buckler
rNeg    . . .        m - +4 scale mail {Will+}
rPois   .            (no helmet)
rElec   .            (no cloak)
rCorr   .            h - +0 pair of gloves
SInv    +            (no boots)
Will    +....        (no amulet) Stlth
                     j - ring of see invisible
HPRegen 0.28/turn    i - +4 ring of protection
MPRegen 0.10/turn

%: no passive effects
@: sleeping
A: no striking features
a: no special abilities


You were on level 5 of the Dungeon.
You visited 1 branch of the dungeon, and saw 5 of its levels.

You collected 248 gold pieces.

Inventory:

Hand Weapons
 a - a +2 rapier
 g - a +0 sling
 o - a +1 dagger of venom
 x - a +2 spear of freezing (weapon)
 y - a +1 spear of distortion
Armour
 b - a +1 scale mail
 c - a +0 buckler (worn)
 h - a +0 pair of gloves (worn)
 m - a +4 scale mail of willpower (worn)
Jewellery
 e - a ring of wizardry
 i - a +4 ring of protection (right hand)
 j - a ring of see invisible (left hand)
Scrolls
 u - a scroll of teleportation
 v - a scroll of immolation
Potions
 d - a potion of might
 f - a potion of mutation
 k - a potion of ambrosia
 l - a potion of flight {unknown}
 n - a potion of berserk rage {unknown}
 p - 3 potions of curing {unknown}
 q - a potion of cancellation {unknown}
 r - a potion of degeneration {unknown}
 s - a potion of haste {unknown}
 t - a potion of invisibility {unknown}
 w - a potion of heal wounds {unknown}
 z - a potion of magic {unknown}


   Skills:
 + Level 3.5 Fighting
 * Level 4.2(4.4) Short Blades
 + Level 1.9(3.3) Long Blades
 * Level 0.2 Polearms
 * Level 4.3 Armour
 + Level 1.4 Dodging
 + Level 0.8 Stealth
 * Level 3.9 Shields


You had 6 spell levels left.
You didn't know any spells.
Your spell library contained the following spells:

 Spells                   Type           Power      Damage    Failure   Level
 Sandblast                Erth           0%         2d4       83%         1
 Cigotuvi's Dreadful Rot  Necr/Pois/Air  0%         N/A       93%         2
 Ensorcelled Hibernation  Hex/Ice        0%         N/A       93%         2
 Passwall                 Tmut/Erth      0%         N/A       93%         2
 Call Canine Familiar     Summ           0%         N/A       99%         3
 Gell's Gravitas          Tloc           0%         N/A       99%         3
 Ignite Poison            Fire/Tmut/Pois 0%         N/A       99%         3
 Portal Projectile        Hex/Tloc       0%         N/A       99%         3
 Spider Form              Tmut/Pois      0%         N/A       99%         3
 Stone Arrow              Conj/Erth      0%         3d7       99%         3
 Teleport Other           Tloc           0%         N/A       99%         3
 Anguish                  Hex/Necr       0%         N/A       100%        4
 Leda's Liquefaction      Hex/Erth       0%         N/A       100%        4
 Freezing Cloud           Conj/Ice/Air   0%         6-21      100%        5
 Dispersal                Tloc           0%         N/A       100%        6


Dungeon Overview and Level Annotations

Branches:
Dungeon (5/15)             Temple (0/1) D:4

Altars:
Fedhas


Message History

You pick up a Trismegistus Codex and begin reading...
You add the spells Cigotuvi's Dreadful Rot, Ignite Poison and Freezing Cloud to your library.
There is an open door here.
Found a stone staircase leading down.
A sleepcap comes into view.
The hound barks!
The hound bites you but does no damage. The hound bites you.
You hit the hound. You freeze the hound.
The hound is moderately wounded.
The hound closely misses you.
You barely miss the hound.
The hound is moderately wounded.
The hound bites you but does no damage. x2; The iguana barely misses you.
You closely miss the hound.
The hound is moderately wounded.
The hound bites you. The iguana bites you! The hound bites you.
You hit the hound. You freeze the hound.
The hound is severely wounded.
The hound completely misses you. The iguana barely misses you.
The hound bites you but does no damage.
You puncture the hound! You freeze the hound.
You kill the hound!
The iguana bites you. x2
You have reached level 7!
You hit the sleepcap but do no damage.
The sleepcap releases spores at you but does no damage.
The iguana bites you.
You hit the sleepcap but do no damage.
The sleepcap releases spores at you but does no damage.
The iguana bites you but does no damage.
You hit the sleepcap. You freeze the sleepcap.
The sleepcap is lightly damaged.
The sleepcap releases spores at you but does no damage.
You block the iguana's attack. The sleepcap releases spores at you.
You are engulfed in a cloud of soporific spores!
You fall asleep.
The iguana bites you!!
Ouch! That really hurt!
You die...

......# ......# #.....#
......# #.....#
#.....##...#.....#
#.....##...#.....#
#.....#....#.....#
#.....#....#....>#+####
#.....#....#..........#
########...#....@.....#
#.....##...#....fl....#
....†......#..........#
...........#..........#
...........######.....#
#.....##........'.....#
########........#.....'..
.......#........#.....###
.......#...######........


You could see a sleepcap and an iguana.

Vanquished Creatures
  2 hounds (D:5)
  2 orc priests
  2 iguanas (D:5)
  Terence (D:2)
  An orc wizard (D:5)
  7 gnolls (D:5)
  2 adders
  An ufetubus (D:4)
  2 worms (D:3)
  2 dart slugs
  5 orcs
  4 ball pythons
  5 bats
  3 endoplasms
  2 goblins (D:2)
  7 hobgoblins
  3 kobolds
  6 quokkas
  A frilled lizard (D:2)
  5 rats (D:1)
63 creatures vanquished.

Notes
Turn   | Place    | Note
-------+----------+-------------------------------------------
     0 | D:1      | DamienQuinn the Human Fighter began the quest for the Orb.
     0 | D:1      | Reached XP level 1. HP: 18/18 MP: 1/1
   446 | D:1      | Reached XP level 2. HP: 23/24 MP: 2/2
  1227 | D:2      | Noticed Terence
  1241 | D:2      | Killed Terence
  1242 | D:2      | Reached XP level 3. HP: 24/29 MP: 3/3
  1248 | D:2      | Reached skill level 1 in Long Blades
  1416 | D:2      | Reached XP level 4. HP: 34/35 MP: 4/4
  1963 | D:2      | You fall into a shaft and drop 1 floor!
  2740 | D:3      | Reached XP level 5. HP: 39/41 MP: 5/5
  2742 | D:3      | Reached skill level 1 in Dodging
  3272 | D:4      | Found a staircase to the Ecumenical Temple.
  3860 | D:4      | Found a blossoming altar of Fedhas.
  3973 | D:5      | Entered Level 5 of the Dungeon
  4179 | D:5      | Reached XP level 6. HP: 47/47 MP: 6/6
  4676 | D:5      | Reached XP level 7. HP: 30/52 MP: 7/7
  4679 | D:5      | Mangled by an iguana

Illustrated notes

Levels and vault maps discovered:
D:1:      matt_arrival_debris, layout_basic
D:2:      layout_loops_ring, uniq_terence
D:3:      layout_basic, dreamdust_mushroom_princess
D:4:      layout_basic, fedhas_altar_4, minmay_temple_entry_tees
D:5:      layout_gridville, amethyst_overflow_temple_binary, uniq_eustachio,
          uniq_ijyb

Skill      XL: |  1  2  3  4  5  6 |
---------------+-------------------+-----
Long Blades    | 1 |  1.9
Short Blades   | 3 4 |  4.2
Dodging        | 1 |  1.4
Armour         | 4 |  4.3
Fighting       | |  3.5
Polearms       | |  0.2
Stealth        | |  0.8
Shields        | |  3.9

Action                     |  1- 3 |  4- 6 |  7- 9 || total
---------------------------+-------+-------+-------++-------
  Melee: Rapier            |    90 |   185 |       ||   275
         Spear             |       |    10 |     3 ||    13
    Use: Scroll            |     9 |     6 |       ||    15
 Armour: Scale mail        |    85 |   111 |     4 ||   200
  Dodge: Dodged            |    49 |    75 |       ||   124
  Block: Buckler           |    35 |    49 |     1 ||    85
